Workbook

Sheet 使用说明
B2: 收支流水汇总表 · 使用说明
B4: ① 【流水明细】每笔收支一行：填日期、类型（下拉选收入/支出）、类别、金额、备注。
B5: ② 【分类汇总】全自动：每个类别收入多少、支出多少、净多少，填完数立刻出。
B6: ③ 类别可自己改：把【分类汇总】里的类别改成你自己的（如「进货」「房租」「美团收入」），汇总自动跟着变。
B7: ④ 想要按月对比、出利润表、对接微信支付宝账单的，微信 15389759998 定制。

Sheet 流水明细
B2: 收支流水明细（类型用下拉选择）
B4: 日期 | C4: 类型 | D4: 类别 | E4: 金额 | F4: 备注
B5: 46296 | C5: 收入 | D5: 门店销售 | E5: 3260 | F5: 现金+扫码
B6: 46296 | C6: 支出 | D6: 进货成本 | E6: 1800 | F6: 补货
B7: 46297 | C7: 收入 | D7: 线上订单 | E7: 980
B8: 46298 | C8: 支出 | D8: 水电 | E8: 320
B9: 46300 | C9: 支出 | D9: 运输 | E9: 150 | F9: 送货油费

Sheet 分类汇总
B2: 分类汇总（全自动，类别可改成自己的）
B4: 类别 | C4: 收入合计 | D4: 支出合计 | E4: 净额
B5: 门店销售 | C5: =IF(B5="","",SUMIFS(流水明细!$E$5:$E$204,流水明细!$C$5:$C$204,"收入",流水明细!$D$5:$D$204,B5)) -> 3260 | D5: =IF(B5="","",SUMIFS(流水明细!$E$5:$E$204,流水明细!$C$5:$C$204,"支出",流水明细!$D$5:$D$204,B5)) -> 0 | E5: =IF(B5="","",C5-D5) -> 3260
B6: 线上订单 | C6: =IF(B6="","",SUMIFS(流水明细!$E$5:$E$204,流水明细!$C$5:$C$204,"收入",流水明细!$D$5:$D$204,B6)) -> 980 | D6: =IF(B6="","",SUMIFS(流水明细!$E$5:$E$204,流水明细!$C$5:$C$204,"支出",流水明细!$D$5:$D$204,B6)) -> 0 | E6: =IF(B6="","",C6-D6) -> 980
B7: 其他收入 | C7: =IF(B7="","",SUMIFS(流水明细!$E$5:$E$204,流水明细!$C$5:$C$204,"收入",流水明细!$D$5:$D$204,B7)) -> 0 | D7: =IF(B7="","",SUMIFS(流水明细!$E$5:$E$204,流水明细!$C$5:$C$204,"支出",流水明细!$D$5:$D$204,B7)) -> 0 | E7: =IF(B7="","",C7-D7) -> 0
B8: 进货成本 | C8: =IF(B8="","",SUMIFS(流水明细!$E$5:$E$204,流水明细!$C$5:$C$204,"收入",流水明细!$D$5:$D$204,B8)) -> 0 | D8: =IF(B8="","",SUMIFS(流水明细!$E$5:$E$204,流水明细!$C$5:$C$204,"支出",流水明细!$D$5:$D$204,B8)) -> 1800 | E8: =IF(B8="","",C8-D8) -> -1800
B9: 房租 | C9: =IF(B9="","",SUMIFS(流水明细!$E$5:$E$204,流水明细!$C$5:$C$204,"收入",流水明细!$D$5:$D$204,B9)) -> 0 | D9: =IF(B9="","",SUMIFS(流水明细!$E$5:$E$204,流水明细!$C$5:$C$204,"支出",流水明细!$D$5:$D$204,B9)) -> 0 | E9: =IF(B9="","",C9-D9) -> 0
B10: 水电 | C10: =IF(B10="","",SUMIFS(流水明细!$E$5:$E$204,流水明细!$C$5:$C$204,"收入",流水明细!$D$5:$D$204,B10)) -> 0 | D10: =IF(B10="","",SUMIFS(流水明细!$E$5:$E$204,流水明细!$C$5:$C$204,"支出",流水明细!$D$5:$D$204,B10)) -> 320 | E10: =IF(B10="","",C10-D10) -> -320
B11: 工资 | C11: =IF(B11="","",SUMIFS(流水明细!$E$5:$E$204,流水明细!$C$5:$C$204,"收入",流水明细!$D$5:$D$204,B11)) -> 0 | D11: =IF(B11="","",SUMIFS(流水明细!$E$5:$E$204,流水明细!$C$5:$C$204,"支出",流水明细!$D$5:$D$204,B11)) -> 0 | E11: =IF(B11="","",C11-D11) -> 0
B12: 运输 | C12: =IF(B12="","",SUMIFS(流水明细!$E$5:$E$204,流水明细!$C$5:$C$204,"收入",流水明细!$D$5:$D$204,B12)) -> 0 | D12: =IF(B12="","",SUMIFS(流水明细!$E$5:$E$204,流水明细!$C$5:$C$204,"支出",流水明细!$D$5:$D$204,B12)) -> 150 | E12: =IF(B12="","",C12-D12) -> -150
B13: 平台费用 | C13: =IF(B13="","",SUMIFS(流水明细!$E$5:$E$204,流水明细!$C$5:$C$204,"收入",流水明细!$D$5:$D$204,B13)) -> 0 | D13: =IF(B13="","",SUMIFS(流水明细!$E$5:$E$204,流水明细!$C$5:$C$204,"支出",流水明细!$D$5:$D$204,B13)) -> 0 | E13: =IF(B13="","",C13-D13) -> 0
B14: 其他支出 | C14: =IF(B14="","",SUMIFS(流水明细!$E$5:$E$204,流水明细!$C$5:$C$204,"收入",流水明细!$D$5:$D$204,B14)) -> 0 | D14: =IF(B14="","",SUMIFS(流水明细!$E$5:$E$204,流水明细!$C$5:$C$204,"支出",流水明细!$D$5:$D$204,B14)) -> 0 | E14: =IF(B14="","",C14-D14) -> 0
C15: =IF(B15="","",SUMIFS(流水明细!$E$5:$E$204,流水明细!$C$5:$C$204,"收入",流水明细!$D$5:$D$204,B15)) | D15: =IF(B15="","",SUMIFS(流水明细!$E$5:$E$204,流水明细!$C$5:$C$204,"支出",流水明细!$D$5:$D$204,B15)) | E15: =IF(B15="","",C15-D15)
C16: =IF(B16="","",SUMIFS(流水明细!$E$5:$E$204,流水明细!$C$5:$C$204,"收入",流水明细!$D$5:$D$204,B16)) | D16: =IF(B16="","",SUMIFS(流水明细!$E$5:$E$204,流水明细!$C$5:$C$204,"支出",流水明细!$D$5:$D$204,B16)) | E16: =IF(B16="","",C16-D16)
B17: 合计 | C17: =SUM(C5:C16) -> 4240 | D17: =SUM(D5:D16) -> 2270 | E17: =SUM(E5:E16) -> 1970
